 Dungeon Crawl Stone Soup version 0.28.0 (webtiles) character file.

Game seed: 18357756365170085321

284542 DildoBatman the Earth Mage (level 21, -6/135 (153) HPs)
             Began as a Formicid Conjurer on Feb 5, 2022.
             Was an Initiate of Gozag.
             Killed from afar by a tengu reaver (38 damage)
             ... with a bolt of fire
             ... on level 2 of the Vaults on Feb 6, 2022.
             The game lasted 03:39:03 (44543 turns).

DildoBatman the Earth Mage (Formicid Conjurer)     Turns: 44543, Time: 03:39:03

HP:   -6/135 (153)  AC: 16    Str: 13    XL:     21   Next: 46%
MP:   30/36         EV: 17    Int: 20    God:    Gozag
Gold: 6087          SH: 33    Dex: 29    Spells: 6/42 levels left

rFire   . . .      SeeInvis +   d - +9 demon trident (protect)
rCold   . . .      Faith    .   X - +1 tower shield {rPois}
rNeg    . . .      Spirit   .   o - +4 troll leather armour
rPois   +          Reflect  +   (helmet unavailable)
rElec   .          Harm     .   i - scarf {repulsion}
rCorr   .          Rampage  .   B - +2 pair of gloves
Will    +++..                   v - +2 pair of boots {Stlth+}
Stlth   +++++.....              g - amulet of reflection
HPRegen 1.12/turn               u - +6 ring of dexterity
MPRegen 0.25/turn               k - +6 ring of dexterity

@: heavily drained, repel missiles
A: permanent stasis, dig shafts and tunnels, antennae 3, four strong arms, large
bone plates 1, camouflage 1, strong-willed 1, MP-powered wands
}: 2/15 runes: decaying, serpentine
a: Dig, Shaft Self, Renounce Religion, Potion Petition, Call Merchant, Bribe
Branch


You were on level 2 of the Vaults.
You worshipped Gozag.
Gozag was greatly pleased with you.
You visited 7 branches of the dungeon, and saw 35 of its levels.
You also visited: Ice Cave.

You collected 12694 gold pieces.
You spent 3875 gold pieces at shops.
You paid 2732 gold pieces to Gozag.

Inventory:

Hand Weapons
 a - the +6 halberd of Pyromania {vorpal, *Corrode rPois Int+4}
   (You found it on level 4 of the Swamp)

   It inflicts extra damage upon your enemies.
   Int:       It affects your intelligence (+4).
   rPois:     It protects you from poison.
   *Corrode:  It may corrode you when you take damage.
 b - the +11 long sword "Niococsu" {vorpal, rPois rF+++ Int-5 Dex+3}
   (You found it on level 13 of the Dungeon)

   It inflicts extra damage upon your enemies.
   Int:       It affects your intelligence (-5).
   Dex:       It affects your dexterity (+3).
   rF:        It renders you almost immune to fire.
   rPois:     It protects you from poison.
 c - a +3 shortbow of freezing
 d - a +9 demon trident of protection (weapon)
 e - the +6 short sword of Nuwoecaq {flame, rElec}
   (You found it on level 6 of the Lair of Beasts)

   It burns those it strikes, dealing additional fire damage.
   rElec:     It insulates you from electricity.
Missiles
 f - 986 arrows
 H - 845 bolts
 L - 179 sling bullets
 Q - 4 throwing nets (quivered)
Armour
 i - a scarf of repulsion (worn)
 o - a +4 troll leather armour (worn)
 v - a +2 pair of boots of stealth (worn)
 B - a +2 pair of gloves (worn)
 X - a +1 tower shield of poison resistance (worn)
Jewellery
 g - an amulet of reflection (around neck)
 k - a +6 ring of dexterity (right hand)
 m - an amulet of magic regeneration
 p - a +6 ring of intelligence
 u - a +6 ring of dexterity (left hand)
 A - a ring of resist corrosion
 G - a ring of willpower
 N - a ring of protection from cold
 V - an amulet of regeneration
Wands
 l - a wand of flame (46)
 n - a wand of paralysis (14)
 M - a wand of iceblast (33)
 S - a wand of acid (16)
 T - a wand of polymorph (11)
 W - a wand of mindburst (33)
Scrolls
 j - 3 scrolls of silence
 r - 3 scrolls of torment
 s - 8 scrolls of immolation
 y - 8 scrolls of fog
 z - 21 scrolls of identify
 C - 5 scrolls of magic mapping
 I - 8 scrolls of amnesia
 O - 2 scrolls of brand weapon
 R - 3 scrolls of holy word
 Y - 2 scrolls of enchant armour
Potions
 q - 11 potions of ambrosia
 t - 2 potions of heal wounds
 w - 2 potions of resistance
 x - 2 potions of invisibility
 E - 6 potions of might
 F - 2 potions of flight
 J - 4 potions of cancellation
 K - 8 potions of brilliance
 U - 10 potions of curing
Miscellaneous
 h - a phantom mirror


   Skills:
 - Level 10.0 Fighting
 - Level 10.0 Armour
 - Level 7.0 Dodging
 - Level 2.4 Stealth
 - Level 15.0 Shields
 - Level 11.0 Spellcasting
 - Level 6.0 Conjurations
 * Level 18.2 Necromancy
 * Level 13.4 Transmutations
 - Level 6.0 Fire Magic
 - Level 10.0 Ice Magic
 - Level 20.0 Earth Magic


You had 6 spell levels left.
You knew the following spells:

 Your Spells              Type           Power      Damage    Failure   Level
a - Searing Ray           Conj           70%        2d7       2%          2
b - Frozen Ramparts       Ice            100%       1d12      1%          3
c - Conjure Flame         Conj/Fire      35%        6-21      4%          3
d - Vampiric Draining     Necr           71%        2d11      1%          3
e - Iron Shot             Conj/Erth      29%        9d6       14%         6
f - Lee's Rapid Deconstr  Erth           37%        3d19*     1%          5
g - Necromutation         Tmut/Necr      32%        N/A       90%         8
h - Dispel Undead         Necr           71%        3d24      1%          4
z - Sublimation of Blood  Necr           71%        N/A       1%          2

Your spell library contained the following spells:

 Spells                   Type           Power      Damage    Failure   Level
 Animate Skeleton         Necr           100%       N/A       0%          1
 Pain                     Necr           100%       1d9       0%          1
 Freeze                   Ice            100%       1d11      1%          1
 Magic Dart               Conj           100%       1d8       1%          1
 Corpse Rot               Necr/Air       94%        N/A       1%          2
 Animate Dead             Necr           35%        N/A       1%          4
 Agony                    Necr           71%        N/A       1%          5
 Excruciating Wounds      Necr           35%        N/A       1%          5
 Death Channel            Necr           35%        N/A       1%          6
 Scorch                   Fire           70%        2d8       2%          2
 Blade Hands              Tmut           29%        N/A       2%          5
 Ensorcelled Hibernation  Hex/Ice        62%        N/A       3%          2
 Spider Form              Tmut/Pois      37%        N/A       3%          3
 Animate Armour           Summ/Erth      100%       N/A       3%          4
 Leda's Liquefaction      Hex/Erth       25%        N/A       3%          4
 Ignite Poison            Fire/Tmut/Pois 36%        N/A       4%          3
 Anguish                  Hex/Necr       23%        N/A       4%          4
 Shock                    Conj/Air       92%        1d8       6%          1
 Hailstorm                Conj/Ice       43%        3d10      8%          4
 Static Discharge         Conj/Air       23%        N/A       9%          2
 Dazzling Flash           Conj/Hex       46%        N/A       17%         3
 Flame Wave               Conj/Fire      35%        2d8       17%         4
 Sticky Flame             Conj/Fire      35%        2d5       17%         4
 Summon Small Mammal      Summ           44%        N/A       21%         1
 Summon Ice Beast         Ice/Summ       31%        N/A       26%         4
 Poisonous Vapours        Pois/Air       22%        N/A       30%         2
 Yara's Violent Unravell  Hex/Tmut       18%        3d9       34%         5
 Iskenderun's Battlesphe  Conj           35%        2d9       43%         5
 Fulminant Prism          Conj/Hex       11%        3d9       50%         4
 Iskenderun's Mystic Bla  Conj/Tloc      23%        2d6       50%         4
 Call Canine Familiar     Summ           11%        N/A       52%         3
 Portal Projectile        Hex/Tloc       22%        N/A       52%         3
 Summon Guardian Golem    Hex/Summ       11%        N/A       52%         3
 Tukima's Dance           Hex            11%        N/A       52%         3
 Airstrike                Air            5%         N/A       89%         4
 Cause Fear               Hex            5%         N/A       89%         4
 Passage of Golubria      Tloc           11%        N/A       89%         4
 Summon Cactus Giant      Summ           5%         N/A       100%        6
 Dragon Form              Tmut           29%        N/A       56%         7
 Borgnjor's Revivificati  Necr           35%        N/A       58%         8
 Infestation              Necr           35%        N/A       58%         8
 Haunt                    Necr/Summ      23%        N/A       99%         7
 Spellforged Servitor     Conj/Summ      11%        N/A       100%        7
 Death's Door             Necr           35%        N/A       100%        9
 Dragon's Call            Summ           5%         N/A       100%        9
 Polar Vortex             Ice            25%        N/A       100%        9
 Swiftness                Air            Unusable   N/A       N/A         3

Dungeon Overview and Level Annotations

Branches:
Dungeon (15/15)            Temple (1/1) D:6            Lair (6/6) D:11
  Swamp (4/4) Lair:4        Snake (4/4) Lair:4        Slime (0/5) Lair:5
    Orc (2/2) D:11            Elf (0/3) Orc:2        Vaults (3/5) D:13
  Crypt (0/3) Vaults:3     Depths (0/4) D:15          IceCv (visited)

Altars:
Ashenzari
Cheibriados
Dithmenos
Elyvilon
Fedhas
Gozag
Hepliaklqana
Kikubaaqudgha
Makhleb
Nemelex Xobeh
Okawaru
Qazlal
Ru
Sif Muna
Trog
Uskayaw
Vehumet
Wu Jian
Xom
Yredelemnul
Zin
The Shining One
Beogh

Shops:
D:1 !   D:10 [   Orc:1 (   Orc:2 !?(!   Snake:2 [:(   Snake:3 ([=[?
Vaults:1 *   Vaults:2 ?

Annotations:
Vaults:1 exclusion: ironbound preserver


Innate Abilities, Weirdness & Mutations

You cannot be hasted, slowed, berserked, paralysed or teleported.
You can dig through walls and to a lower floor.
You have a pair of large antennae on your head. (SInv)
Your four strong arms can wield two-handed weapons with a shield.
You are partially covered in large bone plates. (SH +4)
Your skin changes colour to match your surroundings (Stealth+).
You are strong-willed. (Will+)
You expend magic power (3 MP) to strengthen your wands.


Message History

The white very ugly thing freezes you!!!
Casting: Vampiric Draining (safe; 1% risk of failure)
Confirm with . or Enter, or press ? or * to list all spells.
Aiming: Vampiric Draining (safe; 1% risk of failure)
Press: ? - help, Shift-Dir - straight line, f/p - white very ugly thing
Aim: a white very ugly thing (almost dead)
You feel a surge of power!
You draw life force from the white very ugly thing!
You kill the white very ugly thing!
You feel life coursing into your body.
The white very ugly thing punches you but does no damage.
You block the purple ugly thing's attack.
The white very ugly thing basks in the mutagenic energy from its kin and changes!
The purple ugly thing basks in the mutagenic energy from its kin and changes!
The cyan ugly thing is distracted by your dazzling golden aura.
The purple very ugly thing basks in the mutagenic energy from its kin and changes!
You see here a +0 scale mail.
Things that are here:
a +0 morningstar; a +4 ring mail
Items here: ! ( ))) [[.
Things that are here:
a +0 morningstar; a +0 scale mail The tengu reaver casts a spell at you.
The bolt of lightning hits the cyan very ugly thing!
The cyan very ugly thing resists.
The bolt of lightning hits you!!
You open the door.
There is an open door, spattered with blood here.
You close the door.
Something unseen opens the door.
The tengu reaver casts a spell at you.
The bolt of poison is repelled.
You hear a horrible gurgling sound!
You feel a little less clever now. The tengu reaver casts a spell at you.
The bolt of fire hits you!!! The tengu reaver casts a spell at you.
The bolt of fire hits you!!!
You die...
Your body crumbles into a pile of gold.

#########''####......#
#########..........#####'#####
........#..........#........#
........#..........#........#
........'.Q........'........#
#.......#u.........#........#
##......#..........#........#
###.....#..........'........#
###.....#.....u.@..#........#
.###{..Q############........#
.###....# ##### #........#
..##....# ##≈≈≈## #........#
..##....###≈≈≈≈≈#######'######
...#....##...∩≈≈##.#.#...#.#.#
####....##.≈≈≈≈≈###.#.#.#.#.##
####....##..≈≈≈..#.#.#.#.#.#.#
........###......##.#.###.#.##


You could see a cyan very ugly thing, a tengu reaver and a cyan ugly thing.

Vanquished Creatures
  Vashnia (Snake:3)
  Rupert (D:15)
  Mlioglotl (Lair:3)
  2 quicksilver dragons (Snake:4)
  Agnes (Snake:3)
  3 sphinxes
  2 thorn hunters (Swamp:4)
  2 fenstrider witches (Swamp:3)
  Donald (Swamp:2)
  2 nagarajas
  4 vault wardens
  A frost giant (Vaults:1)
  The ghost of vilexy the Devastator, an adept GrCj of Ru (Snake:2)
  Louise (Snake:2)
  A curse skull (Vaults:3)
  A ghoul (Vaults:3)
  A reaper (IceCv)
  3 ironbound thunderhulks
  9 ironbound preservers
  3 stone giants
  3 war gargoyles (Vaults:3)
  The ghost of grerr the Severer, a journeyman HOAK of Lugonu (Orc:2)
  19 very ugly things
  3 eleionomae
  2 bunyips
  An entropy weaver (Vaults:2)
  6 dire elephants (Vaults:1)
  2 ettins
  A crystal guardian (Vaults:3)
  Josephine (Lair:5)
  4 shambling mangroves
  2 yaktaur captains (Vaults:3)
  A rakshasa (D:15)
  2 boulder beetles
  A great orb of eyes (Vaults:1)
  Fannar (Lair:1)
  An ice dragon (Swamp:4)
  16 naga warriors
  7 salamander tyrants (Snake:4)
  26 hydras
  2 vault guards
  Harold (D:9)
  4 catoblepae
  2 ogre magi (Orc:2)
  2 peacekeepers (Vaults:3)
  4 centaur warriors
  4 ironbound frosthearts
  3 anacondas
  A ghost crab (Swamp:2)
  A death knight (D:14)
  A vampire mage (Vaults:3)
  9 death yaks
  12 two-headed ogres
  A death scarab (Swamp:2)
  7 alligators
  2 tengu warriors (D:15)
  Urug (D:13)
  17 naga sharpshooters
  A hell knight (Vaults:2)
  6 shock serpents
  34 deep trolls
  A bunyip zombie (Swamp:2)
  3 salamander mystics (Snake:4)
  A death drake (Swamp:4)
  An anaconda zombie (Lair:6)
  A glowing orange brain (Vaults:3)
  8 goliath frogs
  A naga ritualist (Snake:1)
  3 spriggan druids
  2 bunyip skeletons (Swamp:2)
  Pikel (D:7)
  10 swamp dragons
  17 lindwurms
  2 wizards
  2 wolf spider zombies
  9 bog bodies
  A necromancer (Swamp:2)
  6 ironbound convokers
  A phantasmal warrior (Vaults:3)
  2 mana vipers
  4 deep elf pyromancers
  7 cyclopes
  4 will-o-the-wisps
  15 salamanders
  28 ugly things
  2 oklob plants
  8 manticores
  28 black mambas
  7 guardian serpents
  9 elephants
  2 ice statues (IceCv)
  14 naga magi
  5 vault sentinels
  Maggie (Lair:1)
  A gargoyle (D:12)
  17 cane toads
  A torpor snail (Lair:4)
  A komodo dragon (shapeshifter) (D:13)
  An unseen horror (D:11)
  6 komodo dragons
  A freezing wraith (D:14)
  A death yak zombie (Lair:5)
  4 entropy weaver simulacra (IceCv)
  6 ice devils (IceCv)
  A death yak skeleton (Lair:6)
  5 kobold demonologists
  4 rime drakes
  28 yaktaurs
  2 catoblepas skeletons
  A polar bear (Lair:4)
  3 meliai (Lair:6)
  2 hornets (Swamp:2)
  A queen bee (Lair:6)
  6 tyrant leeches
  13 blink frogs
  26 slime creatures
  13 trolls
  5 hydra skeletons
  11 dream sheep
  2 alligator skeletons (Lair:6)
  A boulder beetle zombie (Lair:6)
  3 vampires
  84 yaks
  3 spriggans (Swamp:2)
  A water elemental (D:12)
  8 wraiths
  2 wyverns
  4 dire elephant simulacra (IceCv)
  A black mamba skeleton (Lair:6)
  3 basilisks
  9 vampire mosquitoes
  2 redbacks (Vaults:2)
  2 steam dragons
  A death yak simulacrum (IceCv)
  A harpy simulacrum (IceCv)
  10 swamp worms
  3 wargs
  38 nagas
  16 water moccasins
  A hornet zombie (Swamp:2)
  A meliai simulacrum (D:14)
  3 cane toad skeletons
  2 ice beasts
  2 sky beasts
  2 black bears
  7 swamp drakes
  12 orc warriors
  15 centaurs
  24 ogres
  2 necrophages
  A swamp dragon skeleton (Swamp:2)
  A dream sheep skeleton (Lair:6)
  9 wolves
  2 blink frog skeletons
  2 phantoms
  A lemure (D:7)
  5 kobold brigands
  A torpor snail zombie (Lair:6)
  2 rime drake skeletons (IceCv)
  14 bullfrogs
  6 komodo dragon skeletons
  6 gnoll sergeants (D:11)
  4 scorpions
  A two-headed ogre simulacrum (IceCv)
  A water moccasin zombie (Lair:6)
  3 water moccasin skeletons
  A yak zombie (Lair:5)
  38 killer bees
  2 yak skeletons
  2 electric eels
  5 wights (D:8)
  A howler monkey (D:4)
  4 bullfrog zombies
  3 centaur zombies
  5 bullfrog skeletons
  2 wolf skeletons
  3 centaur skeletons
  A gnoll shaman (D:6)
  5 hounds
  8 orc priests
  7 iguanas
  19 orc wizards
  2 spriggan simulacra
  A wolf simulacrum (IceCv)
  9 gnolls
  A howler monkey skeleton (D:7)
  5 adders
  A naga simulacrum (IceCv)
  A shadow imp (D:5)
  2 white imps
  3 dart slugs
  45 orcs
  6 bats
  6 endoplasms
  3 giant cockroaches
  9 goblins
  A hobgoblin (D:1)
  7 jackals
  3 quokkas
  7 ball pythons
  4 frilled lizards
  23 kobolds
  9 rats
1200 creatures vanquished.

Vanquished Creatures (collateral kills)
  An eleionoma (Swamp:2)
  3 hydras
  A tyrant leech (Swamp:2)
  2 swamp worms (Swamp:2)
7 creatures vanquished.

Vanquished Creatures (others)
  Jorgrun (Snake:3)
  4 bloated husks
  A swamp drake (Swamp:4)
  12 foxfires
  17 fungi
  64 plants
  6 starspawn tentacles (Lair:4)
  A withered plant (D:11)
106 creatures vanquished.

Grand Total: 1313 creatures vanquished

Notes
Turn   | Place    | Note
-------+----------+-------------------------------------------
     0 | D:1      | DildoBatman the Formicid Conjurer began the quest for the
                  | Orb.
     0 | D:1      | Reached XP level 1. HP: 13/13 MP: 3/3
   131 | D:1      | Reached XP level 2. HP: 19/19 MP: 0/5
   134 | D:1      | Learned a level 2 spell: Searing Ray
   466 | D:1      | Reached XP level 3. HP: 23/24 MP: 6/6
   653 | D:1      | Found Poidug's Distillery.
   662 | D:1      | Bought a potion of degeneration for 11 gold pieces
  1152 | D:2      | Reached XP level 4. HP: 30/30 MP: 3/7
  1424 | D:2      | Learned a level 3 spell: Frozen Ramparts
  1590 | D:3      | Reached skill level 5 in Conjurations
  1709 | D:1      | Bought a potion of mutation for 88 gold pieces
  1709 | D:1      | Gained mutation: You are covered in fur. (AC +1) [potion of
                  | mutation]
  1709 | D:1      | Gained mutation: You are resistant to electric shocks.
                  | (rElec) [potion of mutation]
  1758 | D:3      | Reached XP level 5. HP: 26/36 MP: 0/8
  2110 | D:3      | Reached skill level 1 in Fighting
  2319 | D:3      | Reached skill level 1 in Armour
  2319 | D:3      | Reached skill level 1 in Ice Magic
  2445 | D:3      | Reached XP level 6. HP: 32/44 MP: 5/10
  2971 | D:4      | Noticed an ogre
  2977 | D:4      | Killed an ogre
  2978 | D:4      | Reached XP level 7. HP: 44/50 MP: 5/12
  3624 | D:4      | Reached XP level 8. HP: 38/56 MP: 10/14
  3651 | D:5      | Entered Level 5 of the Dungeon
  3735 | D:5      | Reached skill level 5 in Spellcasting
  3934 | D:5      | Reached skill level 5 in Ice Magic
  4451 | D:5      | Found a broken altar of Ashenzari.
  4747 | D:5      | Lost mutation: You are resistant to electric shocks.
                  | (rElec) [potion of mutation]
  4747 | D:5      | Lost mutation: You are covered in fur. (AC +1) [potion of
                  | mutation]
  4747 | D:5      | Gained mutation: Your flesh is cold resistant. (rC+)
                  | [potion of mutation]
  4747 | D:5      | Gained mutation: Your muscles are strong. (Str +2) [potion
                  | of mutation]
  4747 | D:5      | Lost mutation: Your muscles are strong. (Str +2) [potion of
                  | mutation]
  4759 | D:6      | Found a staircase to the Ecumenical Temple.
  4802 | D:6      | Reached XP level 9. HP: 30/61 MP: 3/18
  4954 | Temple   | Entered the Ecumenical Temple
  5244 | Temple   | Became a worshipper of Kikubaaqudgha
  5612 | D:6      | Reached skill level 5 in Fighting
  5612 | D:6      | Reached skill level 5 in Armour
  5616 | D:6      | Reached XP level 10. HP: 20/74 MP: 0/20
  6083 | D:6      | Reached * piety under Kikubaaqudgha
  6083 | D:6      | Received a gift from Kikubaaqudgha
  6091 | D:6      | Learned a level 2 spell: Sublimation of Blood
  6095 | D:6      | Learned a level 3 spell: Vampiric Draining
  6205 | D:6      | Reached skill level 5 in Necromancy
  6813 | D:7      | Noticed Pikel
  6827 | D:7      | Killed Pikel
  6831 | D:7      | Noticed a kobold demonologist
  6833 | D:7      | Noticed a kobold demonologist
  6835 | D:7      | Noticed an ice devil
  6837 | D:7      | Noticed a sixfirhy
  6839 | D:7      | Noticed a smoke demon
  6844 | D:7      | You fall into a shaft and drop 2 floors!
  7261 | D:7      | Killed a kobold demonologist
  7262 | D:7      | Killed a kobold demonologist
  7269 | D:7      | Noticed a kobold demonologist
  7276 | D:7      | Killed a kobold demonologist
  7336 | D:7      | Reached XP level 11. HP: 79/79 MP: 9/21
  7793 | D:8      | Reached ** piety under Kikubaaqudgha
  8153 | D:8      | Noticed a two-headed ogre
  8423 | D:8      | Killed a two-headed ogre
  8571 | D:9      | Lost mutation: Your flesh is cold resistant. (rC+) [potion
                  | of mutation]
  8571 | D:9      | Gained mutation: Your spells are a little harder to cast,
                  | but a little more powerful. [potion of mutation]
  8571 | D:9      | Gained mutation: You are partially covered in large bone
                  | plates. (SH +4) [potion of mutation]
  8571 | D:9      | Gained mutation: You expend magic power (3 MP) to
                  | strengthen your wands. [potion of mutation]
  8586 | D:9      | Noticed Harold
  8597 | D:9      | Killed Harold
  9277 | D:9      | Noticed a centaur warrior
  9371 | D:9      | Noticed a two-headed ogre
  9538 | D:9      | Killed a two-headed ogre
  9621 | D:9      | Killed a centaur warrior
  9978 | D:10     | Entered Level 10 of the Dungeon
 10150 | D:10     | Identified the +2 pair of gloves "Xaix" {rF- MP+9 Dex+2
                  | SInv}
 10182 | D:10     | Found Nool Mud's Armour Emporium.
 10547 | D:10     | Reached skill level 5 in Dodging
 10547 | D:10     | Reached skill level 10 in Necromancy
 10552 | D:10     | Reached XP level 12. HP: 82/91 MP: 24/24
 10905 | D:11     | Noticed a boulder beetle
 11040 | D:11     | Noticed a two-headed ogre
 11048 | D:11     | Killed a two-headed ogre
 11049 | D:11     | Reached *** piety under Kikubaaqudgha
 11049 | D:11     | Received a gift from Kikubaaqudgha
 11072 | D:11     | Learned a level 4 spell: Dispel Undead
 11121 | D:11     | Noticed a seven-headed hydra
 11283 | D:11     | Found a staircase to the Orcish Mines.
 11415 | D:11     | Noticed a death yak
 11416 | D:11     | Noticed a death yak
 11417 | D:11     | Noticed a death yak
 11435 | D:11     | Killed a death yak
 11440 | D:11     | Killed a death yak
 11443 | D:11     | Killed a death yak
 11469 | D:11     | Reached **** piety under Kikubaaqudgha
 11510 | D:11     | Found a staircase to the Lair.
 11522 | D:11     | Found a basalt altar of Yredelemnul.
 11806 | Orc:1    | Entered Level 1 of the Orcish Mines
 12085 | Orc:1    | Found Piura's Antique Weapon Boutique.
 12349 | D:1      | Bought a potion of brilliance for 44 gold pieces
 12349 | D:1      | Bought a potion of magic for 88 gold pieces
 12349 | D:1      | Bought a potion of resistance for 110 gold pieces
 12349 | D:1      | Bought a potion of cancellation for 88 gold pieces
 12349 | D:1      | Bought 2 potions of might for 88 gold pieces
 12575 | Orc:2    | Entered Level 2 of the Orcish Mines
 12603 | Orc:2    | Found a staircase to the Elven Halls.
 12614 | Orc:2    | Noticed a two-headed ogre
 12632 | Orc:2    | Killed a two-headed ogre
 12685 | Orc:2    | Noticed a two-headed ogre
 12701 | Orc:2    | Killed a two-headed ogre
 12702 | Orc:2    | Reached XP level 13. HP: 92/100 MP: 25/25
 12717 | Orc:2    | Noticed an ogre mage
 12888 | Orc:2    | Killed an ogre mage
 12933 | Orc:2    | Reached skill level 10 in Fighting
 12959 | Orc:2    | Found Esaij's Distillery.
 12960 | Orc:2    | Found Vaommex's Magic Scroll Boutique.
 12960 | Orc:2    | Found Ogoar's Distillery.
 12987 | Orc:2    | Reached skill level 10 in Armour
 13020 | Orc:2    | Reached ***** piety under Kikubaaqudgha
 13023 | Orc:2    | Noticed an ogre mage
 13086 | Orc:2    | Killed an ogre mage
 13110 | Orc:2    | Found Exasion's Weapon Shoppe.
 13282 | Orc:2    | Found a large runed translucent door.
 13324 | Orc:2    | Noticed an ettin
 13592 | Orc:2    | Found a large runed translucent door.
 13594 | Orc:2    | Noticed grerr's ghost (journeyman HOAK)
 13602 | Orc:2    | Killed grerr's ghost
 13955 | Orc:2    | Killed an ettin
 14220 | D:12     | Noticed a four-headed hydra
 14238 | D:11     | Killed a four-headed hydra
 14299 | D:12     | Noticed a seven-headed hydra
 14305 | D:12     | Found a sacrificial altar of Ru.
 14351 | D:12     | Reached XP level 14. HP: 68/110 MP: 19/27
 14507 | D:11     | Reached skill level 10 in Spellcasting
 15349 | D:13     | Noticed Urug
 15356 | D:13     | Killed Urug
 15700 | D:13     | Reached skill level 10 in Ice Magic
 15707 | D:13     | Learned a level 6 spell: Iron Shot
 15746 | D:13     | Lost mutation: You expend magic power (3 MP) to strengthen
                  | your wands. [potion of mutation]
 15746 | D:13     | Lost mutation: Your spells are a little harder to cast, but
                  | a little more powerful. [potion of mutation]
 15746 | D:13     | Lost mutation: You are partially covered in large bone
                  | plates. (SH +4) [potion of mutation]
 15746 | D:13     | Gained mutation: You do not regenerate when monsters are
                  | visible. [potion of mutation]
 15746 | D:13     | Gained mutation: Your spells are a little harder to cast,
                  | but a little more powerful. [potion of mutation]
 15746 | D:13     | Gained mutation: You have hidden genetic potential. [potion
                  | of mutation]
 15747 | D:13     | Lost mutation: You have hidden genetic potential. [potion
                  | of mutation]
 15747 | D:13     | Lost mutation: Your spells are a little harder to cast, but
                  | a little more powerful. [potion of mutation]
 15747 | D:13     | Gained mutation: You are weak. (Str -2) [potion of
                  | mutation]
 15748 | D:13     | Lost mutation: You are weak. (Str -2) [potion of mutation]
 15748 | D:13     | Lost mutation: You do not regenerate when monsters are
                  | visible. [potion of mutation]
 15748 | D:13     | Gained mutation: You are weak. (Str -2) [potion of
                  | mutation]
 15748 | D:13     | Gained mutation: You have hidden genetic defects. [potion
                  | of mutation]
 15748 | D:13     | Gained mutation: Your mind is acute. (Int +2) [potion of
                  | mutation]
 15874 | Orc:2    | Bought 3 potions of mutation for 336 gold pieces
 15874 | Orc:2    | Bought a potion of mutation for 112 gold pieces
 15874 | Orc:2    | Lost mutation: Your mind is acute. (Int +2) [potion of
                  | mutation]
 15874 | Orc:2    | Lost mutation: You are weak. (Str -2) [potion of mutation]
 15874 | Orc:2    | Gained mutation: You expend magic power (3 MP) to
                  | strengthen your wands. [potion of mutation]
 15874 | Orc:2    | Lost mutation: You have hidden genetic defects. [potion of
                  | mutation]
 15874 | Orc:2    | Gained mutation: You occasionally shout uncontrollably at
                  | your foes. [potion of mutation]
 15875 | Orc:2    | Lost mutation: You expend magic power (3 MP) to strengthen
                  | your wands. [potion of mutation]
 15875 | Orc:2    | Lost mutation: You occasionally shout uncontrollably at
                  | your foes. [potion of mutation]
 15875 | Orc:2    | Gained mutation: Your system is resistant to poisons.
                  | (rPois) [potion of mutation]
 15875 | Orc:2    | Gained mutation: You are partially covered in iridescent
                  | scales. (AC +2) [potion of mutation]
 15876 | Orc:2    | Lost mutation: You are partially covered in iridescent
                  | scales. (AC +2) [potion of mutation]
 15876 | Orc:2    | Lost mutation: Your system is resistant to poisons. (rPois)
                  | [potion of mutation]
 15876 | Orc:2    | Gained mutation: You are partially covered in iridescent
                  | scales. (AC +2) [potion of mutation]
 15876 | Orc:2    | Gained mutation: You are frail. (-10% HP) [potion of
                  | mutation]
 15876 | Orc:2    | Gained mutation: Your flesh is cold resistant. (rC+)
                  | [potion of mutation]
 15877 | Orc:2    | Lost mutation: You are partially covered in iridescent
                  | scales. (AC +2) [potion of mutation]
 15877 | Orc:2    | Lost mutation: Your flesh is cold resistant. (rC+) [potion
                  | of mutation]
 15877 | Orc:2    | Lost mutation: You are frail. (-10% HP) [potion of
                  | mutation]
 15877 | Orc:2    | Gained mutation: You are somewhat resistant to further
                  | mutation. [potion of mutation]
 15877 | Orc:2    | Gained mutation: You passively map a small area around you.
                  | [potion of mutation]
 15989 | D:13     | Identified the +11 long sword "Niococsu" {vorpal, rPois
                  | rF+++ Int-5 Dex+3}
 16022 | D:13     | Reached skill level 1 in Earth Magic
 16048 | D:13     | Reached skill level 2 in Earth Magic
 16073 | D:13     | Reached skill level 1 in Shields
 16152 | D:13     | Found a blossoming altar of Fedhas.
 16276 | D:13     | Lost mutation: You are somewhat resistant to further
                  | mutation. [potion of mutation]
 16276 | D:13     | Lost mutation: You passively map a small area around you.
                  | [potion of mutation]
 16276 | D:13     | Gained mutation: You are agile. (Dex +2) [potion of
                  | mutation]
 16370 | D:13     | Reached skill level 3 in Earth Magic
 16411 | D:13     | Reached skill level 4 in Earth Magic
 16463 | D:13     | Found a gate to the Vaults.
 16745 | D:14     | Reached skill level 5 in Earth Magic
 16858 | D:14     | Reached skill level 5 in Shields
 17144 | D:14     | Reached skill level 6 in Earth Magic
 17403 | D:14     | Reached skill level 7 in Earth Magic
 17404 | D:14     | Reached XP level 15. HP: 94/115 MP: 4/29
 18062 | D:15     | Entered Level 15 of the Dungeon
 18084 | D:15     | Noticed Rupert
 18243 | D:15     | Reached skill level 8 in Earth Magic
 18414 | D:15     | Found a hazy altar of Hepliaklqana.
 18776 | D:15     | Reached skill level 9 in Earth Magic
 19177 | D:15     | Reached ****** piety under Kikubaaqudgha
 19179 | D:15     | Received a gift from Kikubaaqudgha
 19182 | D:15     | Fell from the grace of Kikubaaqudgha
 19489 | Temple   | Became a worshipper of Gozag Ym Sagoz the Greedy
 19661 | D:9      | Reached skill level 10 in Earth Magic
 19718 | Lair:1   | Entered Level 1 of the Lair of Beasts
 19880 | Lair:1   | Noticed Fannar
 19911 | Lair:1   | Killed Fannar
 20337 | Lair:1   | Reached skill level 11 in Earth Magic
 20875 | Lair:1   | Reached skill level 12 in Earth Magic
 21021 | Lair:1   | Noticed Maggie
 21033 | Lair:1   | Killed Maggie
 21659 | Lair:2   | Lost mutation: You are agile. (Dex +2) [potion of mutation]
 21659 | Lair:2   | Gained mutation: You expend magic power (3 MP) to
                  | strengthen your wands. [potion of mutation]
 21778 | Orc:2    | Bought a potion of mutation for 120 gold pieces
 21778 | Orc:2    | Bought a potion of heal wounds for 75 gold pieces
 21778 | Orc:2    | Bought a potion of cancellation for 120 gold pieces
 21778 | Orc:2    | Bought a potion of mutation for 120 gold pieces
 21778 | Orc:2    | Bought a potion of curing for 45 gold pieces
 21779 | Orc:2    | Lost mutation: You expend magic power (3 MP) to strengthen
                  | your wands. [potion of mutation]
 21779 | Orc:2    | Gained mutation: You possess an exceptional clarity of
                  | mind. [potion of mutation]
 21779 | Orc:2    | Gained mutation: Your mind is acute. (Int +2) [potion of
                  | mutation]
 23132 | Lair:4   | Reached skill level 10 in Shields
 23167 | Lair:4   | Found a staircase to the Swamp.
 23200 | Lair:4   | Reached XP level 16. HP: 107/120 MP: 24/30
 23210 | Lair:4   | Found a frozen archway.
 23271 | IceCv    | Entered an ice cave
 24610 | IceCv    | Got the Collected Works on Snow
 25013 | Lair:4   | Found a staircase to the Snake Pit.
 25778 | Lair:5   | Found a staircase to the Slime Pits.
 25915 | Lair:5   | Reached skill level 13 in Earth Magic
 26499 | Lair:6   | Entered Level 6 of the Lair of Beasts
 26499 | Lair:6   | Noticed Josephine
 26513 | Lair:5   | Killed Josephine
 26714 | Lair:6   | Learned a level 5 spell: Lee's Rapid Deconstruction
 27002 | Orc:2    | Bought a scroll of summoning for 142 gold pieces
 27002 | Orc:2    | Bought a scroll of fog for 30 gold pieces
 27002 | Orc:2    | Bought a scroll of identify for 30 gold pieces
 27002 | Orc:2    | Bought a scroll of torment for 112 gold pieces
 27002 | Orc:2    | Bought a scroll of identify for 30 gold pieces
 27002 | Orc:2    | Bought a scroll of identify for 30 gold pieces
 27002 | Orc:2    | Bought a scroll of identify for 30 gold pieces
 27008 | Orc:2    | Bought a potion of magic for 112 gold pieces
 27008 | Orc:2    | Bought a potion of heal wounds for 70 gold pieces
 27008 | Orc:2    | Bought a potion of brilliance for 56 gold pieces
 27008 | Orc:2    | Bought a potion of heal wounds for 70 gold pieces
 27008 | Orc:2    | Bought a potion of brilliance for 56 gold pieces
 27008 | Orc:2    | Bought a potion of attraction for 42 gold pieces
 27096 | Lair:1   | You fall into a shaft and drop 1 floor!
 27247 | Lair:6   | Identified the +1 ring mail of Eninu {Int+2}
 27399 | Lair:6   | Reached skill level 14 in Earth Magic
 28114 | Lair:6   | Reached XP level 17. HP: 102/128 MP: 30/32
 28346 | Lair:6   | Reached skill level 15 in Earth Magic
 28364 | Lair:6   | Was forgiven by Kikubaaqudgha
 28487 | Lair:6   | Identified the +6 short sword of Nuwoecaq {flame, rElec}
 28914 | D:15     | Found a staircase to the Depths.
 28947 | D:15     | Killed Rupert
 29238 | Snake:1  | Entered Level 1 of the Snake Pit
 29250 | Snake:1  | Noticed Mlioglotl
 29282 | Lair:4   | Noticed a tentacled starspawn
 29287 | Lair:4   | Noticed a tentacled starspawn
 29296 | Lair:4   | Noticed a profane servitor
 29519 | Snake:1  | You fall into a shaft and drop 1 floor!
 29622 | Snake:2  | Found a transporter.
 29629 | Snake:2  | Found a burning altar of Makhleb.
 29637 | Snake:2  | Found a transporter.
 29637 | Snake:2  | Noticed vilexy's ghost (adept GrCj)
 30236 | Snake:2  | Reached skill level 16 in Earth Magic
 30284 | Snake:2  | Noticed Louise
 30321 | Snake:2  | Killed Louise
 30364 | Snake:2  | Found Gelog's Antique Armour Emporium.
 30366 | Snake:2  | Found Qiqenwy's Book Shoppe.
 30368 | Snake:2  | Found Immohoor's Weapon Emporium.
 30423 | Snake:2  | Reached skill level 15 in Shields
 31188 | Snake:2  | HP: 1/120 [naga warrior (33)]
 31199 | Snake:2  | Reached skill level 17 in Earth Magic
 31772 | Snake:3  | Noticed Jorgrun
 31810 | Snake:3  | Noticed Vashnia
 31817 | Snake:3  | Noticed Agnes
 31928 | Snake:3  | Found Zeddum's Magic Scroll Shoppe.
 31928 | Snake:3  | Found Astruave's Armour Emporium.
 31936 | Snake:3  | Reached skill level 18 in Earth Magic
 31936 | Snake:3  | Found Vojoquoh's Antique Armour Shoppe.
 31941 | Snake:3  | Bought a pair of runed boots for 217 gold pieces
 31952 | Snake:3  | Found Doeph's Jewellery Emporium.
 31965 | Snake:3  | Bought a scroll of identify for 24 gold pieces
 31965 | Snake:3  | Bought a scroll of identify for 24 gold pieces
 31965 | Snake:3  | Bought a scroll of identify for 24 gold pieces
 31965 | Snake:3  | Bought a scroll of fog for 24 gold pieces
 32201 | Snake:3  | Killed Vashnia
 32202 | Snake:3  | Reached XP level 18. HP: 134/134 MP: 12/33
 32369 | Snake:3  | Found Paum's Antique Weapon Emporium.
 32615 | Snake:3  | Killed Agnes
 32803 | Snake:3  | Killed Jorgrun
 32945 | Snake:4  | Entered Level 4 of the Snake Pit
 32987 | Snake:4  | Reached skill level 19 in Earth Magic
 33956 | Snake:4  | Reached skill level 20 in Earth Magic
 34391 | Snake:4  | Noticed a quicksilver dragon
 34391 | Snake:4  | Noticed a quicksilver dragon
 34503 | Snake:4  | Killed a quicksilver dragon
 34565 | Snake:4  | Got a serpentine rune of Zot
 34816 | Snake:4  | Killed a quicksilver dragon
 35122 | Snake:2  | Killed vilexy's ghost
 35468 | D:11     | Lost mutation: You possess an exceptional clarity of mind.
                  | [potion of mutation]
 35468 | D:11     | Lost mutation: Your mind is acute. (Int +2) [potion of
                  | mutation]
 35468 | D:11     | Gained mutation: You sometimes lose the ability to read
                  | scrolls when taking damage. [potion of mutation]
 35468 | D:11     | Gained mutation: You are partially covered in large bone
                  | plates. (SH +4) [potion of mutation]
 35468 | D:11     | Gained mutation: Your muscles are strong. (Str +2) [potion
                  | of mutation]
 35468 | D:11     | Gained mutation: You are partially covered in iridescent
                  | scales. (AC +2) [potion of mutation]
 35862 | Lair:3   | Killed Mlioglotl
 35926 | Swamp:1  | Entered Level 1 of the Swamp
 35960 | Swamp:1  | Learned a level 8 spell: Necromutation
 36004 | Swamp:1  | Noticed Donald
 36118 | Swamp:1  | You fall into a shaft and drop 1 floor!
 36125 | Swamp:2  | Reached skill level 1 in Transmutations
 36194 | Swamp:2  | Reached XP level 19. HP: 104/140 MP: 2/34
 36710 | Swamp:2  | Learned a level 5 spell: Yara's Violent Unravelling
 36717 | Swamp:2  | Learned a level 4 spell: Passage of Golubria
 36901 | Swamp:2  | Found an ancient bone altar of Kikubaaqudgha.
 36911 | Swamp:2  | Got the Disquisition on Evil Rituals
 37144 | Swamp:2  | Reached skill level 5 in Transmutations
 37234 | Swamp:1  | Found a sparkling altar of Nemelex Xobeh.
 37601 | Swamp:2  | Killed Donald
 37760 | Orc:2    | Bought a scroll of enchant weapon for 112 gold pieces
 38248 | Swamp:3  | Reached skill level 15 in Necromancy
 38857 | Swamp:4  | Entered Level 4 of the Swamp
 38932 | Swamp:4  | Identified the +6 halberd of Pyromania {vorpal, *Corrode
                  | rPois Int+4}
 39813 | Swamp:4  | Got a decaying rune of Zot
 40405 | Vaults:1 | Entered Level 1 of the Vaults
 40498 | Vaults:1 | Learned a level 3 spell: Conjure Flame
 40554 | Vaults:1 | Reached skill level 1 in Fire Magic
 40699 | Vaults:1 | Reached XP level 20. HP: 147/147 MP: 35/35
 41063 | Vaults:1 | Found Icsaipti's Assorted Antiques.
 41071 | Vaults:1 | Bought a scroll of immolation for 119 gold pieces
 41071 | Vaults:1 | Bought a scroll of holy word for 255 gold pieces
 41071 | Vaults:1 | Bought a scroll of identify for 68 gold pieces
 41071 | Vaults:1 | Bought a scroll of torment for 255 gold pieces
 41071 | Vaults:1 | Bought a potion of resistance for 340 gold pieces
 41242 | Vaults:1 | Reached skill level 10 in Transmutations
 41966 | Vaults:2 | HP: 2/147 [ironbound thunderhulk/bolt of lightning (46)]
 42006 | Vaults:2 | Reached skill level 5 in Fire Magic
 42027 | Vaults:2 | You fall into a shaft and drop 1 floor!
 42056 | Vaults:3 | Lost mutation: You are partially covered in iridescent
                  | scales. (AC +2) [potion of mutation]
 42056 | Vaults:3 | Lost mutation: You sometimes lose the ability to read
                  | scrolls when taking damage. [potion of mutation]
 42056 | Vaults:3 | Lost mutation: Your muscles are strong. (Str +2) [potion of
                  | mutation]
 42056 | Vaults:3 | Gained mutation: You expend magic power (3 MP) to
                  | strengthen your wands. [potion of mutation]
 42056 | Vaults:3 | Gained mutation: Your skin changes colour to match your
                  | surroundings (Stealth+). [potion of mutation]
 42056 | Vaults:3 | Gained mutation: You are strong-willed. (Will+) [potion of
                  | mutation]
 42328 | Vaults:3 | Found a staircase to the Crypt.
 42688 | Vaults:3 | Reached XP level 21. HP: 121/153 MP: 22/36
 43907 | Vaults:2 | Found Tetaho's Magic Scroll Shop.
 43917 | Vaults:2 | Bought a scroll of immolation for 38 gold pieces
 43917 | Vaults:2 | Bought a scroll of immolation for 38 gold pieces
 43917 | Vaults:2 | Bought a scroll of enchant armour for 82 gold pieces
 44543 | Vaults:2 | Killed from afar by a tengu reaver

Illustrated notes

Levels and vault maps discovered:
D:1:      minmay_arrival_up_and_down, layout_basic, serial_shops, shop,
          serial_bayou_pond_a
D:2:      layout_basic
D:3:      layout_rooms
D:4:      layout_rooms, minmay_starry_boxes
D:5:      layout_gridville, mainiacjoe_overflow_tiny_flanked,
          corexii_item_surrounded_by_moat, solitary_fountain
D:6:      minmay_bubble_buster, layout_rooms, minmay_temple_entry_proselytizer,
          lemuel_another_geyser
D:7:      layout_basic, uniq_pikel
D:8:      layout_loops_ring, minivault_24, chequers_serial_rivers_small_a
D:9:      layout_stronghold, nrook_campfire, grunt_tough_drop, uniq_harold
D:10:     layout_long_grid, serial_co_window_serial, co_window_corner_a,
          co_window_paths_a, co_window_paths_a, co_window_corner_a,
          co_window_cross_1, co_window_paths_b, co_window_paths_a,
          co_window_of_opportunity_b, co_window_of_opportunity_b,
          co_window_unsneaky_path_e, co_window_corner_ca,
          co_window_unsneaky_path_a, co_window_cross_4, co_window_broadway_b,
          glass_columns_a, glass_columns_c, glass_columns_a, serial_shops, shop
D:11:     layout_loops_ring, dpeg_lair_monsters,
          kennysheep_orc_monster_closet_entryway, yredelemnul_altar_generic
D:12:     layout_big_octagon, nrook_pool_corridor,
          nicolae_ru_great_annihilating_truth
D:13:     layout_loops_corners, david_vaults_5, fedhas_altar_4, uniq_urug
D:14:     layout_irregular_city, minivault_4
D:15:     grunt_enter_depths_snipers, layout_irregular_city, lemuel_tele_altar,
          uniq_rupert
Temple:   roderic_octagonal_lattice_temple
Lair:1:   wad_woods_structure_01, layout_regular_city, uniq_maggie, uniq_fannar
Lair:2:   layout_long_grid, lemuel_fruit_tree, serial_bayou_shore_a
Lair:3:   layout_cave_shapes, chequers_serial_rivers_large_a
Lair:4:   layout_regular_city, skrybe_swamp_entry_bodies,
          guppyfry_snake_entry_garden, portal_ice_cave_entry_pillars_1,
          minmay_holes
Lair:5:   layout_loops_ring, slime_dummy
Lair:6:   evilmike_catoblepas_cave, layout_gridlike, special_room
          [special_room_bee], grunt_megastairs_2, uniq_josephine
Swamp:1:  layout_basic_swamp, lemuel_altar_in_water, swamp_pool1, uniq_donald
Swamp:2:  layout_falls_marsh, evilmike_swamp_ruin_house_3, swamp_pool3,
          beargit_kiku_chapel
Swamp:3:  layout_falls_marsh, evilmike_swamp_ruin_house_5, swamp_pool1
Swamp:4:  swamp_alternative, layout_basic_swamp, swamp_pool1,
          hangedman_swamp_diagram
Snake:1:  layout_rooms, uniq_mlioglotl
Snake:2:  layout_chambers, gammafunk_ghost_arena, basic_altar,
          grunt_ministairs_7, fake_guardian_serpent_vault, minmay_shop_star,
          uniq_louise
Snake:3:  layout_cave_pods, serial_shops, shop, minmay_shoptagon, uniq_jorgrun,
          uniq_vashnia, uniq_agnes
Snake:4:  hellmonk_snake_rune_quicksilver_temple, layout_cave_town
Orc:1:    layout_diamond_mine, serial_shops,
          nicolae_shop_temple_entry_statues_fountains
Orc:2:    st_orc_open, layout_caves, basic_altar, ebering_ghost_disaster_area,
          mines3_lemuel
Vaults:1: v_rooms_4, vaults_room_fancy_cross, vaults_room_door_hall,
          nicolae_vaults_specimen_jars, v_misc_2, ontoclasm_vaults_shuriken,
          layout_vaults_omnigrid, serial_shops, nicolae_diamond_shop
Vaults:2: nicolae_vaults_little_squares_5, grunt_vaults_funnel,
          vaults_dpeg_doors, vaults_room_hangedman_quadrants,
          hangedman_vaults_nails, nicolae_vaults_twisting_passages,
          nicolae_vaults_asterisk, v_pattern_4, ontoclasm_vaults_twist,
          layout_vaults_omnibox, serial_shops, nicolae_shop_waterfront
Vaults:3: v_misc_15, vaults_mumra_lcd, v_misc_16, vaults_room_boxed,
          minmay_crypt_entry_simple_statues, hangedman_vaults_impose,
          ontoclasm_vaults_hangar, vaults_room_stairs_pillars,
          ontoclasm_vaults_gateway, nicolae_vaults_asterisk,
          vaults_room_door_ring, vaults_dpeg_diagonal,
          nicolae_vaults_circle_grid_b, vaults_mumra_hex, grunt_vaults_focal,
          nicolae_vaults_three_branches, ontoclasm_vaults_loading_screen,
          layout_vaults_maze_snakey, serial_glass

Skill      XL: |  1  2  3  4  5  6  7  8  9 10 11 12 13 14 15 16 17 18 19 20 21 |
---------------+----------------------------------------------------------------+-----
Conjurations   | 4 5 6 |  6.0
Fighting       | 1 2 5 7 8 10 | 10.0
Armour         | 1 2 5 6 8 10 | 10.0
Ice Magic      | 1 2 3 5 6 7 10 | 10.0
Spellcasting   | 3 4 6 7 8 9 10 11 | 11.0
Dodging        | 3 5 6 7 |  7.0
Necromancy     | 2 9 10 11 12 14 16 17 18 | 18.2
Earth Magic    | 7 12 14 18 20 | 20.0
Shields        | 6 10 13 15 | 15.0
Transmutations | 3 9 12 13 | 13.4
Fire Magic     | 1 6 |  6.0
Stealth        | |  2.4

Action                   |  1- 3 |  4- 6 |  7- 9 | 10-12 | 13-15 | 16-18 | 19-21 || total
-------------------------+-------+-------+-------+-------+-------+-------+-------++-------
Melee: Short sword       |    25 |       |       |       |       |   369 |   130 ||   524
       Dagger            |     1 |     2 |    75 |    23 |       |       |       ||   101
       Whip              |       |    49 |    20 |    19 |       |       |       ||    88
       Staff             |       |       |       |    10 |       |       |       ||    10
       Punch             |       |       |       |     1 |     6 |       |       ||     7
       Trident           |       |       |       |   185 |   188 |       |       ||   373
       Mace              |       |       |       |     1 |       |       |       ||     1
       Long sword        |       |       |       |       |   383 |   743 |   106 ||  1232
       Halberd           |       |       |       |       |    19 |       |    10 ||    29
       Demon trident     |       |       |       |       |       |       |   548 ||   548
 Fire: Hunting sling     |       |    28 |    15 |       |       |       |       ||    43
       Shortbow          |       |       |       |       |    14 |     5 |     4 ||    23
 Cast: Magic Dart        |    25 |    13 |    14 |    11 |    37 |    43 |     7 ||   150
       Searing Ray       |    10 |    16 |    40 |    41 |    46 |    52 |     7 ||   212
       Frozen Ramparts   |       |       |     8 |    58 |   139 |   205 |    99 ||   509
       Vampiric Draining |       |       |       |    33 |    91 |   178 |   243 ||   545
       Sublimation of Bl |       |       |       |     3 |    33 |    14 |    34 ||    84
       Dispel Undead     |       |       |       |       |    22 |    30 |    35 ||    87
       Iron Shot         |       |       |       |       |       |    39 |    69 ||   108
       Lee's Rapid Decon |       |       |       |       |       |     5 |     4 ||     9
       Conjure Flame     |       |       |       |       |       |       |     4 ||     4
Invok: Receive Forbidden |       |       |       |       |     1 |       |       ||     1
       Renounce Religion |       |       |       |       |     1 |       |       ||     1
       Potion Petition   |       |       |       |       |       |       |     4 ||     4
 Abil: Dig               |       |       |       |     6 |     4 |    16 |       ||    26
       Shaft Self        |       |       |       |     1 |       |     2 |     1 ||     4
Evoke: Phantom mirror    |       |       |       |       |       |     2 |     1 ||     3
       Wand              |       |       |       |       |       |     1 |     1 ||     2
  Use: Potion            |       |     1 |     2 |     1 |    12 |     4 |    20 ||    40
       Scroll            |       |       |     2 |     2 |    14 |     9 |    18 ||    45
 Stab: Sleeping          |       |       |     2 |     1 |     5 |     2 |     4 ||    14
       Distracted        |       |       |       |       |     2 |    13 |     8 ||    23
       Confused          |       |       |       |       |       |       |     2 ||     2
Armor: Robe              |     8 |    24 |    35 |       |       |       |       ||    67
       Ring mail         |       |       |     3 |    81 |       |       |       ||    84
       Troll leather arm |       |       |       |    43 |   201 |   427 |   487 ||  1158
       Skin              |       |       |       |       |       |       |    21 ||    21
Dodge: Dodged            |    32 |    46 |    98 |   225 |   603 |  1055 |   692 ||  2751
       Repelled          |       |       |       |       |       |       |    16 ||    16
Block: Other             |       |       |       |    40 |    57 |       |       ||    97
       Orb               |       |       |       |     1 |       |       |       ||     1
       Buckler           |       |       |       |       |   219 |   415 |       ||   634
       Tower shield      |       |       |       |       |       |   771 |  2057 ||  2828
       Kite shield       |       |       |       |       |       |    51 |       ||    51
       Reflection        |       |       |       |       |       |       |    44 ||    44
